 Dungeon Crawl Stone Soup version bcrawl-1.24.2 (webtiles) character file.

Game seed: 8418920641062675437

1271 Freyura the Skirmisher (level 8, -1/73 HPs)
             Began as a Minotaur Fighter on June 20, 2020.
             Was a Follower of Ru.
             Slain by a troll (9 damage)
             ... on level 6 of the Dungeon.
             The game lasted 00:17:55 (3892 turns).

Freyura the Skirmisher (Minotaur Fighter)           Turns: 3892, Time: 00:17:56

Health: -1/73      AC: 15    Str: 20      XL:     8   Next: 28%
Magic:  7/7        EV:  7    Int:  5      God:    Ru [*.....]
Gold:   299        SH:  0    Dex: 10 (13) Spells: 7/7 levels left

rFire    . . .     SeeInvis .   m - +3 dire flail
rCold    . . .     Gourm    .   (shield currently unavailable)
rNeg     + . .     Faith    .   x - +0 plate armour
rPois    .         Spirit   .   (helmet restricted)
rElec    .         Reflect  .   (no cloak)
rCorr    .         Harm     .   q - +2 pair of gloves
MR       .....                  (no boots)
Stlth    ..........             (no amulet)
HPRegen  0.22/turn              d - ring of positive energy
MPRegen  0.10/turn              (no ring)

@: no status effects
A: retaliatory headbutt, horns 2, no stealth, no charms magic, no ice magic, no
transmutations magic
a: Renounce Religion


You were on level 6 of the Dungeon.
You worshipped Ru.
Ru was aware of your devotion.
You were not hungry.

You visited 1 branch of the dungeon, and saw 6 of its levels.

You collected 299 gold pieces.

Inventory:

Hand Weapons
 a - a +1 flail
 m - a +3 dire flail (weapon)
 t - the +2 short sword of Afiedon {protect, Dex+2}
   (You found it on level 6 of the Dungeon)

   It grants its wielder temporary protection when it strikes (+7 to AC).
   It affects your dexterity (+2).
Missiles
 i - 2 throwing nets {=f}
Armour
 b - a +0 scale mail
 c - a +0 medium shield
 h - a +0 chain mail
 q - a +2 pair of gloves (worn)
 x - a +0 plate armour (worn)
Jewellery
 d - a ring of positive energy (left hand)
Scrolls
 f - a scroll of identify
 k - 3 scrolls of magic mapping
 l - 2 scrolls of fog
 o - 4 scrolls of teleportation
 r - 2 scrolls of remove curse
 s - a scroll of immolation {unknown}
Potions
 j - 4 potions of mutation
 n - 4 potions of curing
 p - a potion of brilliance {unknown}
 u - a potion of lignification {unknown}
 w - 2 potions of flight
 z - a potion of haste {unknown}
Comestibles
 e - 14 rations {!d}
 v - 2 chunks of flesh


   Skills:
 * Level 7.4 Fighting
 * Level 6.8 Maces & Flails
 + Level 5.8 Armour
 + Level 3.7 Dodging
 + Level 5.8 Shields


You had 7 spell levels left.
You didn't know any spells.
Your spell library was empty.

Dungeon Overview and Level Annotations

Branches:
Dungeon (6/12)             Temple (0/1) D:4

Altars:
Dithmenos
Gozag
Hepliaklqana
Nemelex Xobeh
Ru


Innate Abilities, Weirdness & Mutations

You reflexively headbutt those who attack you in melee.
You have a pair of horns on your head.
You cannot be stealthy.
You cannot study or cast Charms magic.
You cannot study or cast Ice magic.
You cannot study or cast Transmutations magic.


Message History

You hit the troll.
The troll is moderately wounded.
The troll bites you but does no damage.
The troll claws you but does no damage. x2
Your plate armour prevents you from hitting the troll.
The troll is moderately wounded.
The troll bites you!
The troll claws you but does no damage. x2
You closely miss the troll.
The troll is moderately wounded.
The troll bites you!
* * * LOW HITPOINT WARNING * * *
The troll barely misses you. The troll claws you!
* * * LOW HITPOINT WARNING * * *
Your plate armour prevents you from hitting the troll.
The troll is moderately wounded.
The crimson imp blinks!
The troll bites you but does no damage.
The troll claws you but does no damage. x2
You hit the troll. You headbutt the troll.
The troll is moderately wounded.
The troll bites you!
You die...

......# .........##.....
..........#§....
#..............
#..............
###$...........[
###............... ##
#@T5.......!......
#.####§........).....
###.##.#)#.............
##......................
#.......................
#........5..#...........
#..........##(.........
#.........##.##.......
#<.......########...##


You could see a troll and a quasit.

Vanquished Creatures
  A water moccasin (D:6)
  2 sky beasts (D:6)
  A phantom (D:5)
  3 ogres
  A bullfrog (D:4)
  A wight (D:4)
  A crimson imp (D:6)
  2 hounds (D:6)
  A centaur zombie (D:5)
  2 jellies
  An orc wizard (D:2)
  Jessica (D:3)
  3 worker ants
  A hound skeleton (D:4)
  A worker ant zombie (D:6)
  Robin (D:2)
  8 adders
  3 oozes
  2 worms
  A dart slug (D:1)
  5 leopard geckos
  12 orcs
  A ball python (D:3)
  2 giant cockroaches
  14 goblins
  11 hobgoblins
  10 jackals
  2 quokkas
  6 bats
  A frilled lizard (D:2)
  3 kobolds
  A quokka skeleton (D:3)
  6 rats
111 creatures vanquished.

Notes
Turn   | Place    | Note
-------+----------+-------------------------------------------
     0 | D:1      | Freyura the Minotaur Fighter began the quest for the Orb.
     0 | D:1      | Reached XP level 1. HP: 19/19 MP: 0/0
    35 | D:1      | Reached XP level 2. HP: 21/27 MP: 1/1
   111 | D:1      | Reached skill level 4 in Fighting
   346 | D:1      | Reached XP level 3. HP: 33/33 MP: 2/2
   553 | D:2      | Found a sacrificial altar of Ru.
   562 | D:2      | Became a worshipper of Ru the Awakened
   581 | D:2      | Reached skill level 1 in Dodging
   622 | D:2      | Noticed Robin
   626 | D:2      | Killed Robin
   626 | D:2      | Reached XP level 4. HP: 41/41 MP: 3/3
  1370 | D:3      | Reached XP level 5. HP: 47/47 MP: 4/4
  1412 | D:3      | Noticed Jessica
  1416 | D:3      | Killed Jessica
  1465 | D:3      | Reached skill level 5 in Fighting
  1678 | D:3      | Gained mutation: You cannot be stealthy. [Ru sacrifice]
  1700 | D:3      | Found a shadowy altar of Dithmenos.
  2353 | D:4      | Reached XP level 6. HP: 54/56 MP: 5/5
  2481 | D:4      | Reached skill level 5 in Maces & Flails
  2676 | D:4      | Found a staircase to the Ecumenical Temple.
  2872 | D:4      | Reached skill level 6 in Fighting
  2872 | D:4      | Reached skill level 5 in Armour
  2872 | D:4      | Reached XP level 7. HP: 45/63 MP: 6/6
  3145 | D:5      | Entered Level 5 of the Dungeon
  3276 | D:5      | Reached skill level 5 in Shields
  3469 | D:5      | Found an opulent altar of Gozag.
  3470 | D:5      | Found a sparkling altar of Nemelex Xobeh.
  3658 | D:6      | Reached XP level 8. HP: 70/71 MP: 7/7
  3664 | D:6      | Found a hazy altar of Hepliaklqana.
  3669 | D:6      | Got a masterwork short sword
  3670 | D:6      | Identified the cursed +2 short sword of Afiedon {protect,
                  | Dex+2} (You found it on level 6 of the Dungeon)
  3709 | D:6      | Reached skill level 7 in Fighting
  3827 | D:6      | Gained mutation: You cannot study or cast Ice magic. [Ru
                  | sacrifice]
  3827 | D:6      | Gained mutation: You cannot study or cast Transmutations
                  | magic. [Ru sacrifice]
  3827 | D:6      | Gained mutation: You cannot study or cast Charms magic. [Ru
                  | sacrifice]
  3827 | D:6      | Reached * piety under Ru
  3862 | D:6      | Noticed a troll
  3892 | D:6      | Slain by a troll

Skill      XL: |  1  2  3  4  5  6  7  8 |
---------------+-------------------------+-----
Fighting       | 4 5 6 7 |  7.4
Maces & Flails | 3 4 5 6 |  6.8
Armour         | 4 5 |  5.8
Dodging        | 1 2 3 |  3.7
Shields        | 4 5 |  5.8

Action                   |  1- 3 |  4- 6 |  7- 9 || total
-------------------------+-------+-------+-------++-------
Melee: Flail             |    49 |   199 |    10 ||   258
       Headbutt          |     5 |    36 |    15 ||    56
       Dire flail        |       |       |    91 ||    91
Invok: Sacrifice Stealth |       |     1 |       ||     1
       Sacrifice Arcana  |       |       |     1 ||     1
  Use: Potion            |     1 |     1 |     1 ||     3
       Scroll            |       |    12 |     6 ||    18
  Eat: Chunk             |       |     5 |     5 ||    10
Armor: Scale mail        |    24 |    65 |       ||    89
       Plate armour      |       |    45 |   109 ||   154
Dodge: Dodged            |     8 |    47 |    60 ||   115
Block: Medium shield     |    20 |   118 |     3 ||   141
